 Dungeon Crawl Stone Soup version 0.16-a0-1301-gf74d490 (webtiles) character file.

165 Ololoev the Cudgeler (level 5, -1/41 HPs)
             Began as a Ghoul Gladiator on Oct 15, 2014.
             Slain by an orc wizard
             ... wielding a +0 dagger
              (3 damage)
             ... on level 4 of the Dungeon.
             The game lasted 00:08:49 (2759 turns).

Ololoev the Cudgeler (Ghoul Gladiator)              Turns: 2759, Time: 00:08:50

Health: -1/41      AC:  9    Str: 19    XL:     5   Next: 46%
Magic:  4/4        EV: 10    Int:  3    God:
Gold:   130        SH:  0    Dex: 10    Spells: 0 memorised, 4 levels left

rFire  . . .     SeeInvis .     a - +0 flail
rCold  + . .     Clarity  .     o - +0 ring mail
rNeg   + + +     SustAb   .     (no shield)
rPois  +         Saprov   + + + c - +0 helmet
rElec  .         Spirit   .     g - +1 cloak
rCorr  .         Warding  .     (no gloves)
rMut   .         Stasis   .     q - +0 pair of boots (curse)
MR     .....                    (no amulet)
Stlth  ..........               (no ring)
                                (no ring)

@: rotting, not resistant to hostile enchantments, extremely unstealthy
A: rotting body, claws 1, carnivore 3, cold resistance 1, negative energy
resistance 3, poison resistance, saprovore 3, slow healing 1, torment
resistance, unbreathing
a: no special abilities


You were on level 4 of the Dungeon.
You were not hungry.

You visited 1 branch of the dungeon, and saw 4 of its levels.

You collected 130 gold pieces.

Inventory:

Hand weapons
 a - a +0 flail (weapon)
 s - a +0 blowgun
Missiles
 d - 6 throwing nets (quivered)
 t - 15 poisoned needles
Armour
 c - a +0 helmet (worn)
 g - a +1 cloak (worn)
 o - a +0 ring mail (worn)
 q - a cursed +0 pair of boots (worn)
Jewellery
 l - an uncursed ring of protection from fire {unknown}
Magical devices
 x - a wand of disintegration (16)
Scrolls
 e - 2 scrolls of fog {unknown}
 i - 2 scrolls of noise {unknown}
 k - 6 scrolls of identify {unknown}
 p - a scroll of remove curse {unknown}
 w - a scroll of teleportation {unknown}
 y - a scroll of enchant armour {unknown}
 B - a scroll of amnesia {unknown}
 C - a scroll of recharging {unknown}
Potions
 b - a potion of decay {unknown}
 n - a potion of agility
 u - a potion of curing {unknown}
 v - a potion of heal wounds {unknown}
Comestibles
 f - 2 chunks of iguana flesh
 j - a beef jerky
 z - a slice of pizza
 A - a royal jelly


   Skills:
 - Level 2.1 Fighting
 + Level 5.4 Maces & Flails
 - Level 1.7 Throwing
 - Level 2.6 Dodging


You had 4 spell levels left.
You didn't know any spells.

Dungeon Overview and Level Annotations

Branches:
Dungeon (4/15)
 Temple: D:4-7

Altars:
Ashenzari
Dithmenos
Gozag
Sif Muna
Trog

Annotations:
D:3 1 exclusion


Innate Abilities, Weirdness & Mutations

Your body is rotting away.
You have sharp fingernails.
You are carnivorous and can eat meat at any time.
Your flesh is cold resistant.
You are immune to negative energy.
Your system is resistant to poisons.
You thrive on rotten meat.
You heal slowly when monsters are visible.
You are immune to unholy pain and torment.
You can survive without breathing.


Message History

You feel agile all of a sudden.
It was a potion of agility.
The orc wizard hits you but does no damage.
The orc wizard points at you and mumbles some strange words.
The magic dart hits you!
* * * LOW HITPOINT WARNING * * *
The orc wizard points at you and mumbles some strange words.
The magic dart hits you!
* * * LOW HITPOINT WARNING * * *
Drink which item? (? for menu, Esc to quit)
You feel refreshed.
It was a potion of restore abilities.
The orc wizard barely misses you.
The orc wizard hits you but does no damage. x2
The orc wizard closely misses you.
Drink which item? (? for menu, Esc to quit)
Your magical effects are unravelling.
You feel magically purged.
It was a potion of cancellation.
You feel yourself speed up.
You feel a little less agile now. The orc wizard barely misses you.
The orc wizard hits you with a dagger.
You die...

######### ##
......#.######## #.
..........##...# #.
...............###
##
...........##...@##
#
.........#####..oo##
### .........#
###...### ##..
.........# ##....##
##... .........#
###...### ###....
........##
##....###......
........#
###...##......
........#
#####....#.....
........#
#...##....#....


You could see 2 orc wizards.

Vanquished Creatures
  A scorpion (D:4)
  A jelly (D:4)
  An iguana (D:4)
  An adder (D:3)
  3 giant geckos (D:1)
  2 orcs
  5 goblins
  10 hobgoblins
  3 jackals (D:3)
  2 ball pythons (D:3)
  6 bats
  3 giant cockroaches
  4 giant newts
  9 kobolds
  10 rats
61 creatures vanquished.

Notes
Turn   | Place    | Note
--------------------------------------------------------------
     0 | D:1      | Ololoev, the Ghoul Gladiator, began the quest for the Orb.
     0 | D:1      | Reached XP level 1. HP: 17/17 MP: 1/1
    69 | D:1      | Reached skill level 3 in Maces & Flails
   124 | D:1      | Reached XP level 2. HP: 19/24 MP: 2/2
   741 | D:1      | Reached XP level 3. HP: 14/28 MP: 3/3
   947 | D:2      | Found an opulent altar of Gozag.
  1407 | D:3      | Found a deep blue altar of Sif Muna.
  1407 | D:3      | Found a shadowy altar of Dithmenos.
  1421 | D:3      | Reached skill level 4 in Maces & Flails
  1739 | D:3      | Found a shattered altar of Ashenzari.
  1912 | D:3      | Found a bloodstained altar of Trog.
  1923 | D:3      | Reached XP level 4. HP: 32/35 MP: 3/3
  2436 | D:4      | Reached skill level 5 in Maces & Flails
  2436 | D:4      | Reached XP level 5. HP: 31/41 MP: 4/4
  2757 | D:4      | HP: 2/41 [orc wizard/magic dart (4)]
  2759 | D:4      | Slain by an orc wizard

Action                   |  1- 3 |  4- 6 || total
-------------------------+-------+-------++-------
Melee: Flail             |   160 |    47 ||   207
  Use: Potion            |       |     3 ||     3
  Eat: Chunk             |    17 |     7 ||    24
